 Dungeon Sprint DCSS version 0.30-a0-634-g8abc85282e (webtiles) character file.

Game seed: 16481634091201541821

9182 mhtbhm the Brawler (level 11, -1/124 HPs)
             Began as a Troll Transmuter on Jan 15, 2023.
             Was an Initiate of Gozag.
             Slain by a sixfirhy (11 damage)
             ... summoned by an obsidian statue
             ... in the Dungeon (Sprint III: "The Ten Rune Challenge").
             The game lasted 00:08:15 (1931 turns).

mhtbhm the Brawler (Troll Transmuter)               Turns: 1931, Time: 00:08:16

Health: -1/124     AC:  6    Str: 24    XL:     11   Next: 19%
Magic:  18/22      EV: 11    Int:  9    God:    Gozag
Gold:   7526       SH:  0    Dex: 10    Spells: 17/27 levels left

rFire   x . .      SeeInvis .      - Unarmed
rCold   + + +      Faith    .    (shield currently unavailable)
rNeg    . . .      Spirit   .    (body armour currently unavailable)
rPois   +          Reflect  .    (helmet currently unavailable)
rElec   .          Harm     .    (cloak currently unavailable)
rCorr   .          Rampage  .    (gloves unavailable)
Will    .....      NoTele   +    (boots unavailable)
Stlth   ++                       (no amulet)
HPRegen 1.20/turn                (no ring)
MPRegen 0.18/turn                (no ring)

@: ice-form, wereblooded, spiked, mesmerised
A: freezing attack, amphibious, boosted hp, large, unfitting armour, (claws 3),
regeneration 1, (shaggy fur 1), (tough skin 1)
a: End Transformation, Renounce Religion, Potion Petition, Call Merchant, Bribe
Branch


You were in the Dungeon.
You worshipped Gozag.
Gozag was greatly pleased with you.
You were a creature of crystalline ice.
You visited 1 branch You collected 7878 gold pieces.
You spent 352 gold pieces at shops.

Inventory:

Missiles
 p - 7 curare-tipped darts
Armour
 a - a +0 robe (melded)
Scrolls
 k - 2 scrolls of torment {unknown}
 l - a scroll of amnesia {unknown}
 m - a scroll of identify {unknown}
Potions
 b - a potion of lignification
 c - 4 potions of curing
 d - 2 potions of heal wounds
 e - 2 potions of haste
 f - 2 potions of magic
 h - a potion of invisibility
 i - a potion of might
 j - 3 potions of mutation {unknown}
 n - a potion of brilliance {unknown}
 o - 2 potions of flight
 q - a potion of berserk rage
Miscellaneous
 g - a box of beasts (inert)


   Skills:
 + Level 5.2 Fighting
 + Level 6.6 Dodging
 + Level 2.0 Stealth
 + Level 17.8 Unarmed Combat
 + Level 8.8 Spellcasting
 + Level 9.0 Transmutations
 + Level 3.5 Ice Magic
 + Level 1.7 Poison Magic
 + Level 3.2 Evocations


You had 17 spell levels left.
You knew the following spells:

 Your Spells              Type           Power      Damage    Failure   Level
a - Beastly Appendage     Tmut           40%        N/A       1%          1
b - Wereblood             Tmut           20%        N/A       1%          2
c - Spider Form           Tmut/Pois      13%        N/A       5%          3
d - Ice Form              Ice/Tmut       15%        N/A       13%         4

Your spell library contained the following spells:

 Spells                   Type           Power      Damage    Failure   Level
 Magic Dart               Conj           12%        1d3       17%         1
 Searing Ray              Conj           6%         2d4       26%         2
 Stone Arrow              Conj/Erth      6%         3d7       45%         3
 Animate Armour           Summ/Erth      6%         N/A       86%         4
 Fulminant Prism          Conj/Hex       1%         3d5       86%         4
 Lehudib's Crystal Spear  Conj/Erth      1%         10d2      100%        8


Dungeon Overview and Level Annotations

Branches:
Dungeon (1/1)

Altars:
Cheibriados
Dithmenos
Elyvilon
Fedhas
Gozag
Hepliaklqana
Kikubaaqudgha
Makhleb
Nemelex Xobeh
Okawaru
Qazlal
Ru
Sif Muna
Trog
Uskayaw
Vehumet
Wu Jian
Xom
Yredelemnul
Zin
The Shining One
Jiyva
Lugonu

Shops:
D !

Annotations:
D exclusion: obsidian statue


Innate Abilities, Weirdness & Mutations

You are a creature of crystalline ice.
You have a powerful freezing melee attack.
You are amphibious.
Your maximum health is increased.
Your armour is entirely melded.
You are incapable of wielding weapons or throwing items.
You are too large for most types of armour.
((You have claws for hands.))
Your natural rate of healing is unusually fast.
((You are covered in fur. (AC +1)))
((You have tough skin. (AC +1)))


Message History

Barbed spikes become lodged in your body.
The ice devil hits you. The ice devil freezes you. You resist.
You pummel the ice devil!!
The ice devil is heavily wounded.
The red devil disappears in a puff of smoke!
The red devil misses you.
You squash the obsidian statue like an ant!!!
You freeze the obsidian statue.
The obsidian statue is almost destroyed.
The sixfirhy barely misses you.
The obsidian statue's eyes glow briefly.
The obsidian statue attempts to bespell you!
You are mesmerised by the obsidian statue!
The ice devil hits you! The ice devil freezes you. You resist.
The sixfirhy barely misses you.
You hit the obsidian statue.
The obsidian statue is almost destroyed.
The sixfirhy hits you! The sixfirhy shocks you!
The sixfirhy closely misses you.
The red devil hits you with a +0 trident!!
* * * LOW HITPOINT WARNING * * *
Barbed spikes become lodged in your body.
The obsidian statue's eyes glow briefly.
The sixfirhy hits you.
* * * LOW HITPOINT WARNING * * *
The sixfirhy shocks you!
* * * LOW HITPOINT WARNING * * *
The ice devil barely misses you.
You punch the ice devil!
The ice devil is almost dead.
The sixfirhy hits you but does no damage.
The sixfirhy closely misses you.
The red devil hits you with a +0 trident!
* * * LOW HITPOINT WARNING * * *
Barbed spikes become lodged in your body.
You hit the ice devil but do no damage.
The ice devil is almost dead.
The sixfirhy hits you!
You die...
Your body crumbles into a pile of gold.

#.....# ≈
#§#####
#.§...+
#.##### #.#$
#.# #.# ##$
$ #.# ###8#$
$ #.#
###5Y4#$ $
#.#+#§§543#$
$
#.#..§§§§§#$
$
#.#..§§§§§#
#.........#
#########.#
... ....
....


You could see an obsidian statue (mesmerising), an ice devil (summoned), a
sixfirhy (summoned), a red devil (summoned), a quasit (summoned) and a white imp
(summoned).

Vanquished Creatures
  Dowan (D)
  Erolcha (D)
  3 orc high priests (D)
  An orc knight (D)
  A deep elf pyromancer (D)
  Duvessa (D)
  2 cane toads (D)
  A rime drake (D)
  A komodo dragon (D)
  2 tyrant leeches (D)
  5 blink frogs (D)
  3 wandering mushrooms (D)
  A shadow (D)
  3 redbacks (D)
  A spatial vortex (D)
  A swamp drake (D)
  5 two-headed ogres (D)
  A necrophage (D)
  A water elemental (D)
  A jelly (D)
  5 orc priests (D)
  A wizard (D)
  Jessica (D)
  3 orc wizards (D)
  A necromancer (D)
  3 humans (D)
  A kobold demonologist (D)
  A phantom (D)
  9 orcs (D)
  An endoplasm (D)
  2 rats (D)
  A plant (D)
65 creatures vanquished.

Vanquished Creatures (collateral kills)
  An orc priest (D)
1 creature vanquished.

Vanquished Creatures (others)
  8 plants (D)
8 creatures vanquished.

Grand Total: 74 creatures vanquished

Notes
Turn   | Place    | Note
-------+----------+-------------------------------------------
     0 | D        | mhtbhm the Troll Transmuter began the quest for the Orb.
     0 | D        | Reached XP level 1. HP: 18/18 MP: 1/1
    23 | D        | Noticed Jessica
    27 | D        | Killed Jessica
    28 | D        | Reached skill level 5 in Unarmed Combat
    28 | D        | Reached XP level 2. HP: 22/26 MP: 0/4
    28 | D        | Reached XP level 3. HP: 27/32 MP: 0/5
   149 | D        | Learned a level 2 spell: Wereblood
   153 | D        | Learned a level 3 spell: Spider Form
   317 | D        | Reached skill level 6 in Unarmed Combat
   360 | D        | Noticed a water elemental
   362 | D        | Killed a water elemental
   363 | D        | Reached skill level 1 in Fighting
   363 | D        | Reached skill level 7 in Unarmed Combat
   363 | D        | Reached XP level 4. HP: 41/41 MP: 2/7
   409 | D        | Noticed a shadow
   417 | D        | Killed a shadow
   418 | D        | Reached skill level 9 in Unarmed Combat
   418 | D        | Reached XP level 5. HP: 41/49 MP: 5/9
   418 | D        | Reached XP level 6. HP: 47/57 MP: 5/10
   505 | D        | Learned a level 4 spell: Ice Form
   507 | D        | Found a blossoming altar of Fedhas.
   507 | D        | Found a stormy altar of Qazlal.
   507 | D        | Found a snail-covered altar of Cheibriados.
   507 | D        | Found a burning altar of Makhleb.
   507 | D        | Found a shimmering altar of Xom.
   507 | D        | Noticed a spatial vortex
   508 | D        | Found a hazy altar of Hepliaklqana.
   508 | D        | Found an opulent altar of Gozag.
   508 | D        | Found a sparkling altar of Nemelex Xobeh.
   508 | D        | Found a corrupted altar of Lugonu.
   508 | D        | Found a viscous altar of Jiyva.
   512 | D        | Became a worshipper of Gozag Ym Sagoz the Greedy
   516 | D        | Killed a spatial vortex
   517 | D        | Reached skill level 10 in Unarmed Combat
   517 | D        | Reached skill level 1 in Poison Magic
   539 | D        | Found a shadowy altar of Dithmenos.
   545 | D        | Found a basalt altar of Yredelemnul.
   545 | D        | Found a sacrificial altar of Ru.
   555 | D        | Found a hide-covered altar of Uskayaw.
   555 | D        | Found an iron altar of Okawaru.
   556 | D        | Found a bloodstained altar of Trog.
   556 | D        | Found an ornate altar of the Wu Jian Council.
   556 | D        | Noticed a human
   556 | D        | Noticed a human
   563 | D        | Killed a human
   564 | D        | Reached skill level 11 in Unarmed Combat
   564 | D        | Reached skill level 5 in Spellcasting
   564 | D        | Reached XP level 7. HP: 59/66 MP: 10/13
   566 | D        | Killed a human
   567 | D        | Reached skill level 5 in Transmutations
   644 | D        | Found a radiant altar of Vehumet.
   644 | D        | Found a shimmering blue altar of Sif Muna.
   644 | D        | Found an ancient bone altar of Kikubaaqudgha.
   646 | D        | Noticed a ynoxinul
   650 | D        | Noticed a smoke demon
   753 | D        | Found a glowing silver altar of Zin.
   753 | D        | Found a glowing golden altar of the Shining One.
   753 | D        | Found a white marble altar of Elyvilon.
   753 | D        | Noticed a deep elf pyromancer
   761 | D        | Killed a deep elf pyromancer
   762 | D        | Reached skill level 12 in Unarmed Combat
   762 | D        | Reached XP level 8. HP: 35/74 MP: 13/16
   877 | D        | Reached skill level 1 in Evocations
   883 | D        | Noticed a two-headed ogre
   888 | D        | Killed a two-headed ogre
   889 | D        | Reached skill level 5 in Dodging
   889 | D        | Reached skill level 13 in Unarmed Combat
  1089 | D        | Noticed a two-headed ogre
  1089 | D        | Noticed Erolcha
  1093 | D        | Killed Erolcha
  1094 | D        | Reached XP level 9. HP: 83/83 MP: 10/18
  1097 | D        | Killed a two-headed ogre
  1098 | D        | Reached skill level 14 in Unarmed Combat
  1098 | D        | Reached skill level 1 in Ice Magic
  1153 | D        | Noticed a wandering mushroom
  1157 | D        | Noticed a wandering mushroom
  1159 | D        | Noticed a wandering mushroom
  1176 | D        | Killed a wandering mushroom
  1183 | D        | Noticed a cane toad
  1183 | D        | Noticed a komodo dragon
  1183 | D        | Noticed a cane toad
  1186 | D        | Killed a komodo dragon
  1187 | D        | Reached skill level 15 in Unarmed Combat
  1187 | D        | Killed a cane toad
  1194 | D        | Killed a cane toad
  1195 | D        | Reached skill level 1 in Stealth
  1195 | D        | Reached XP level 10. HP: 68/92 MP: 18/20
  1390 | D        | Reached skill level 16 in Unarmed Combat
  1542 | D        | Noticed an orc knight
  1544 | D        | Noticed an orc high priest
  1544 | D        | Noticed an orc high priest
  1548 | D        | Killed an orc knight
  1554 | D        | Noticed a rust devil
  1555 | D        | Found Akoy's Distillery.
  1555 | D        | Noticed a smoke demon
  1557 | D        | HP: 5/112 [orc/+0 hand axe (6)]
  1562 | D        | Killed an orc high priest
  1563 | D        | Reached skill level 17 in Unarmed Combat
  1573 | D        | Killed an orc high priest
  1677 | D        | Bought a potion of haste for 110 gold pieces
  1677 | D        | Bought a potion of heal wounds for 55 gold pieces
  1677 | D        | Bought a potion of curing for 33 gold pieces
  1677 | D        | Bought a potion of curing for 33 gold pieces
  1677 | D        | Bought a potion of curing for 33 gold pieces
  1677 | D        | Bought a potion of invisibility for 88 gold pieces
  1716 | D        | Noticed Dowan
  1716 | D        | Noticed Duvessa
  1725 | D        | Killed Duvessa
  1726 | D        | Reached XP level 11. HP: 71/101 MP: 16/22
  1728 | D        | Killed Dowan
  1729 | D        | Reached skill level 5 in Fighting
  1919 | D        | Noticed an obsidian statue
  1926 | D        | Noticed a sixfirhy
  1931 | D        | Slain by a sixfirhy

Illustrated notes

Levels and vault maps discovered:
D:        dungeon_sprint_mu [sprint_mu_entry_forest, sprint_mu_temple_rooms,
          sprint_mu_d1_spiders, sprint_mu_d2_genie, sprint_mu_d3_branching,
          sprint_mu_orc_legion, sprint_mu_elf_gauntlet, sprint_mu_hive_nellie,
          sprint_mu_lair_fedhas, sprint_mu_vaults_butterflies,
          sprint_mu_slime_circle, sprint_mu_shoals_archi,
          sprint_mu_snake_twists, sprint_mu_blade_basic,
          sprint_mu_crypt_fortress, sprint_mu_tomb_spiral,
          sprint_mu_vestibule_basic, sprint_mu_gehenna_hellfire,
          sprint_mu_dis_giant, sprint_mu_tartarus_statrot,
          sprint_mu_cocytus_islands, sprint_mu_zot1]

Skill      XL: |  1  2  3  4  5  6  7  8  9 10 11 |
---------------+----------------------------------+-----
Dodging        | 2 3 4 5 6 |  6.6
Unarmed Combat | 5 7 9 11 12 13 15 17 | 17.8
Spellcasting   | 2 3 5 6 7 8 |  8.8
Transmutations | 2 3 4 5 6 7 8 9 |  9.0
Fighting       | 1 2 3 4 5 |  5.2
Poison Magic   | 1 |  1.7
Evocations     | 1 2 3 |  3.2
Ice Magic      | 1 3 |  3.5
Stealth        | 1 2 |  2.0

Action                   |  1- 3 |  4- 6 |  7- 9 | 10-12 || total
-------------------------+-------+-------+-------+-------++-------
Melee: Unarmed           |    21 |    25 |    56 |    71 ||   173
       Kick              |     3 |     5 |     3 |       ||    11
       Headbutt          |     1 |     4 |     3 |       ||     8
       Punch             |       |     1 |     1 |       ||     2
 Cast: Beastly Appendage |     4 |     4 |     2 |       ||    10
       Wereblood         |     1 |     3 |     5 |     6 ||    15
       Spider Form       |     1 |       |       |       ||     1
       Ice Form          |       |       |     3 |     6 ||     9
Evoke: Wand              |       |       |     3 |     7 ||    10
       Box of beasts     |       |       |     1 |     3 ||     4
  Use: Potion            |     1 |       |       |     2 ||     3
       Scroll            |       |       |       |     1 ||     1
 Stab: Distracted        |       |       |       |     1 ||     1
Armor: Robe              |     1 |     6 |     2 |       ||     9
       Skin              |       |       |     3 |     7 ||    10
Dodge: Dodged            |     6 |     1 |    16 |    25 ||    48

Table legend: (Time is in decaauts)
 A = Elapsed time spent in this place.
 B = Non-inter-level travel time spent in this place.
 C = Inter-level travel time spent in this place.
 D = Time resting spent in this place.
 E = Time spent auto-exploring this place.
 F = Levels seen in this place.
 G = Mean time per level.
                   A        B        C        D        E       F      G
               +--------+--------+--------+--------+--------+-----+--------+
         Total |   1899 |   1899 |      0 |    988 |     28 |   1 | 1899.0 |
       Dungeon |   1899 |   1899 |      0 |    988 |     28 |   1 | 1899.0 |
               +--------+--------+--------+--------+--------+-----+--------+

Top non-repeatable levels by time:
       D: 1899 daAuts
